 Dungeon Crawl Stone Soup version 0.25.0-10-g039870ee82 (webtiles) character file.

Game seed: 7894150284196879138

4337 Stil the Destroyer (level 10, -4/50 HPs)
             Began as a Deep Elf Conjurer on June 22, 2020.
             Was a Priest of Vehumet.
             Slain by a two-headed ogre
             ... wielding a +0 giant club
              (22 damage)
             ... on level 8 of the Dungeon.
             The game lasted 00:49:07 (8030 turns).

Stil the Destroyer (Deep Elf Conjurer)              Turns: 8030, Time: 00:49:08

Health: -4/50      AC:  6    Str:  5    XL:     10   Next: 12%
Magic:  25/26      EV: 18    Int: 24    God:    Vehumet [***...]
Gold:   480        SH:  4    Dex: 15    Spells: 22/29 levels left

rFire    . . .     SeeInvis .   t - +2 spear (flame)
rCold    . . .     Gourm    .   (no shield)
rNeg     . . .     Faith    .   a - +2 robe
rPois    +         Spirit   .   (no helmet)
rElec    .         Reflect  .   K - +0 cloak
rCorr    .         Harm     .   (no gloves)
MR       +....                  q - +0 pair of boots
Stlth    ++........             m - amulet of regeneration
HPRegen  0.56/turn              y - ring of poison resistance
MPRegen  0.20/turn              f - +4 ring of slaying

@: no status effects
A: large bone plates 1, blurry vision 1, evolution 1, sturdy frame 1
a: Renounce Religion


You were on level 8 of the Dungeon.
You worshipped Vehumet.
Vehumet was most pleased with you.
You were not hungry.

You visited 2 branches of the dungeon, and saw 10 of its levels.

You collected 480 gold pieces.

Inventory:

Hand Weapons
 d - a +0 hunting sling
 o - a +2 falchion of flaming
 t - a +2 spear of flaming (weapon)
Missiles
 b - 12 poisoned darts (quivered)
 e - 76 sling bullets
 w - 2 curare-tipped darts
 L - 4 boomerangs
Armour
 a - a +2 robe (worn)
 q - a +0 pair of boots (worn)
 K - a +0 cloak (worn)
Magical Staves
 F - an uncursed staff of earth
 R - an uncursed staff of poison {unknown}
Jewellery
 f - a +4 ring of slaying (right hand)
 m - an amulet of regeneration (around neck)
 y - a ring of poison resistance (left hand)
Wands
 u - a wand of iceblast (7)
 x - a wand of acid (24)
 H - a wand of random effects (20)
 I - a wand of flame (21)
Scrolls
 j - 2 scrolls of fog {unknown}
 k - 10 scrolls of remove curse
 r - 2 scrolls of fear {unknown}
 s - 3 scrolls of noise {unknown}
 v - 2 scrolls of teleportation
 A - 2 scrolls of magic mapping {unknown}
 D - 2 scrolls of immolation {unknown}
 G - a scroll of torment {unknown}
 O - a scroll of enchant weapon {unknown}
 P - a scroll of identify
 Q - a scroll of blinking {unknown}
Potions
 g - 4 potions of haste
 h - 5 potions of heal wounds
 i - 3 potions of brilliance
 l - 5 potions of might
 n - 3 potions of berserk rage
 p - 2 potions of lignification {unknown}
 z - 2 potions of degeneration {unknown}
 B - 2 potions of flight {unknown}
 C - 2 potions of resistance {unknown}
 E - 4 potions of stabbing
 J - a potion of cancellation {unknown}
 M - a potion of mutation
Comestibles
 c - 8 rations
 N - 4 chunks of flesh


   Skills:
 + Level 9.0 Dodging
 - Level 3.0 Stealth
 + Level 10.0 Spellcasting
 * Level 12.0 Conjurations
 + Level 0.3 Hexes


You had 22 spell levels left.
You knew the following spells:

 Your Spells              Type           Power        Failure   Level  Hunger
a - Magic Dart            Conj           ####         1%          1    None
b - Searing Ray           Conj           ######       1%          2    None
c - Fulminant Prism       Conj/Hex       #####.....   1%          4    #......

Your spell library contained the following spells:

 Spells                   Type           Power        Failure   Level  Hunger
 Static Discharge         Conj/Air       #####...     1%          3    None
 Freeze                   Ice            ##..         1%          1    None
 Dazzling Flash           Conj/Hex       #####.       1%          3    None
 Hailstorm                Conj/Ice       #####...     1%          4    #......
 Iskenderun's Mystic Bla  Conj/Tloc      #####...     1%          4    #......
 Frozen Ramparts          Ice            ##....       4%          3    None
 Ozocubu's Armour         Chrm/Ice       ##......     16%         3    None
 Summon Ice Beast         Ice/Summ       ##......     45%         4    #......


Dungeon Overview and Level Annotations

Branches:
Dungeon (9/15)             Temple (1/1) D:5             Orc (0/2) D:9
   Lair: D:8-11

Altars:
Ashenzari
Cheibriados
Dithmenos
Fedhas
Kikubaaqudgha
Makhleb
Nemelex Xobeh
Qazlal
Ru
Sif Muna
Uskayaw
Vehumet
Wu Jian
Xom
The Shining One
Beogh

Shops:
D:7 %   D:9 *


Innate Abilities, Weirdness & Mutations

You are partially covered in large bone plates. (SH +4)
Scrolls take you a little longer to read.
You evolve.
Your movements are slightly less encumbered by armour. (ER -2)


Message History

There is a stone staircase leading down, spattered with blood here.
The orc warrior hits you with a +0 short sword of speed!
You block the two-headed ogre's attack.
The two-headed ogre completely misses you.
There is a stone staircase leading up here.
Casting: Searing Ray (safe; 1% risk of failure)
Confirm with . or Enter, or press ? or * to list all spells.
Aiming: Searing Ray (safe; 1% risk of failure)
Press: ? - help, Shift-Dir - straight line, f - orc warrior
Aim: an orc warrior, wielding a +0 short sword of speed and wearing a +2 chain mail of poison resistance The searing ray hits the two-headed ogre!
The two-headed ogre is moderately wounded.
The searing ray hits the orc!
You kill the orc!
Vehumet accepts your kill.
You feel your power returning. (Press . to maintain the ray.)
The two-headed ogre closely misses you.
The two-headed ogre hits you with a +0 giant club!!
You die...

#.# #.# #.##.......###.### #.#
#.# #.##......##...... #.# #.#
#.##.........###.# #.# #.#
#.##.....###.##..# #.# #.#
#.##.....##..##.## #.# #.#
###.##.....#..#...## #.###.####
##...##.)...#.##.##..
#........###..####.>##...#..(..#
####.######....@Oo.[####...#####
#.# #..#####..# #.#.# # #.#
##..##....## ##...##### #.#
##......#######.........
##.####....##.................
#..##....#.##.######.........#
#....<........######.........#
##..#.#........................
#.....#..........###..#########


You could see a two-headed ogre and an orc warrior.

Vanquished Creatures
  A two-headed ogre (D:8)
  A hippogriff (D:8)
  Grinder (D:4)
  Eustachio (D:4)
  3 orc warriors
  An ogre (D:6)
  5 sky beasts
  A black bear (D:7)
  5 centaurs
  2 big kobolds (D:9)
  A water moccasin zombie (D:5)
  3 scorpions
  8 wights
  A howler monkey (D:6)
  2 bullfrog zombies
  A jelly (D:7)
  A quasit (D:7)
  A crimson imp (D:5)
  6 hounds
  5 orc priests
  2 iguanas (D:7)
  3 worker ants
  6 orc wizards
  A killer bee zombie (D:5)
  A howler monkey zombie (D:5)
  A worker ant zombie (D:8)
  9 adders
  7 gnolls
  A howler monkey skeleton (D:5)
  A shadow imp (D:8)
  An adder zombie (D:6)
  An adder skeleton (D:4)
  3 worms
  5 dart slugs
  6 leopard geckos
  40 orcs
  6 giant cockroaches
  6 goblins
  4 hobgoblins
  16 jackals
  15 kobolds
  3 quokkas
  3 bats
  4 frilled lizards
  2 jackal skeletons
  A leopard gecko zombie (D:5)
  11 rats
209 creatures vanquished.

Vanquished Creatures (others)
  10 fulminant prisms
10 creatures vanquished.

Grand Total: 219 creatures vanquished

Notes
Turn   | Place    | Note
-------+----------+-------------------------------------------
     0 | D:1      | Stil the Deep Elf Conjurer began the quest for the Orb.
     0 | D:1      | Reached XP level 1. HP: 10/10 MP: 6/6
   143 | D:1      | Reached XP level 2. HP: 15/15 MP: 1/8
   557 | D:1      | Reached skill level 5 in Conjurations
   634 | D:1      | Reached XP level 3. HP: 19/19 MP: 4/9
  1401 | D:2      | Found a shadowy altar of Dithmenos.
  1450 | D:2      | Found a snail-covered altar of Cheibriados.
  1494 | D:2      | Gained mutation: Scrolls take you a little longer to read.
                  | [potion of mutation]
  1494 | D:2      | Gained mutation: You evolve. [potion of mutation]
  2164 | D:3      | Reached XP level 4. HP: 24/24 MP: 8/11
  2214 | D:3      | Gained mutation: Your movements are slightly less
                  | encumbered by armour. (ER -2) [evolution]
  2225 | D:3      | Found a shattered altar of Ashenzari.
  2480 | D:3      | Learned a level 2 spell: Searing Ray
  2574 | D:3      | Reached XP level 5. HP: 28/28 MP: 1/13
  2972 | D:4      | Reached skill level 6 in Conjurations
  3272 | D:4      | Reached XP level 6. HP: 32/32 MP: 10/15
  3461 | D:4      | Reached skill level 5 in Spellcasting
  3600 | D:4      | Noticed Eustachio
  3601 | D:4      | Noticed Grinder
  3613 | D:4      | Killed Grinder
  3613 | D:4      | Reached skill level 7 in Conjurations
  3735 | D:4      | Killed Eustachio
  3735 | D:4      | Reached XP level 7. HP: 36/36 MP: 13/17
  3779 | D:4      | Gained mutation: You are partially covered in large bone
                  | plates. (SH +4) [evolution]
  3833 | D:4      | Reached skill level 5 in Dodging
  3885 | D:5      | Entered Level 5 of the Dungeon
  4078 | D:5      | Found a blossoming altar of Fedhas.
  4105 | D:5      | Reached skill level 8 in Conjurations
  4422 | D:5      | Found a burning altar of Makhleb.
  4593 | D:5      | Found a staircase to the Ecumenical Temple.
  4604 | Temple   | Entered the Ecumenical Temple
  4668 | Temple   | Became a worshipper of Vehumet
  5008 | D:6      | Found a shimmering altar of Xom.
  5036 | D:6      | Reached XP level 8. HP: 41/41 MP: 11/20
  5261 | D:6      | Reached skill level 9 in Conjurations
  5313 | D:6      | Reached * piety under Vehumet
  5313 | D:6      | Offered knowledge of Sandblast by Vehumet.
  5319 | D:6      | Learned a level 4 spell: Fulminant Prism
  5806 | D:7      | Found Podghara's Food Emporium.
  5991 | D:7      | Reached skill level 10 in Conjurations
  6149 | D:7      | Reached XP level 9. HP: 33/45 MP: 14/23
  6308 | D:7      | Found a sacrificial altar of Ru.
  6824 | D:8      | Noticed a two-headed ogre
  6833 | D:8      | Killed a two-headed ogre
  6833 | D:8      | Offered knowledge of Foxfire by Vehumet.
  6833 | D:8      | Reached skill level 11 in Conjurations
  6894 | D:8      | Found a stormy altar of Qazlal.
  6894 | D:8      | Found an ancient bone altar of Kikubaaqudgha.
  6926 | D:8      | Reached ** piety under Vehumet
  7694 | D:9      | Found Gemefren's Assorted Antiques.
  7759 | D:9      | Offered knowledge of Inner Flame by Vehumet.
  7759 | D:9      | Reached XP level 10. HP: 50/50 MP: 17/25
  7825 | D:9      | Found a shimmering blue altar of Sif Muna.
  7889 | D:9      | Found a roughly hewn altar of Beogh.
  7889 | D:9      | Found a staircase to the Orcish Mines.
  7893 | D:9      | Reached *** piety under Vehumet
  7896 | D:9      | Reached skill level 10 in Spellcasting
  7899 | D:9      | Offered knowledge of Static Discharge by Vehumet.
  7899 | D:9      | Reached skill level 12 in Conjurations
  7905 | D:9      | Noticed a two-headed ogre
  8030 | D:8      | Slain by a two-headed ogre

Illustrated notes

Levels and vault maps discovered:
D:1:      minmay_arrival_doors, layout_basic, minmay_misc_feat_enclosed
D:2:      layout_basic, kennysheep_slug_shrine, grunt_dithmenos_smoke
D:3:      layout_rooms, ashenzari_altar_1, first_ration
D:4:      layout_loops_cross, uniq_eustachio, uniq_grinder
D:5:      layout_basic, makhleb_grotto_becter, old_standard_altar,
          minmay_temple_entry_trees
D:6:      layout_cave_pools, xom_butterflies, serial_park_tiny_2,
          minmay_misc_feat_diagonals
D:7:      layout_basic, old_standard_altar, enter_ossuary_5, serial_shops,
          shop_fountains
D:8:      layout_rooms, gammafunk_temple_overflow_elements
D:9:      layout_roguey [special_room_orc], grunt_temple_overflow_bloody_war,
          grunt_temple_overflow_gold_and_silver, kennysheep_little_box,
          david_orc_5, serial_shops, nicolae_shop_behind_doors, basic_altar,
          uniq_erica
Temple:   nicolae_temple_figure_zero

Skill      XL: |  1  2  3  4  5  6  7  8  9 10 |
---------------+-------------------------------+-----
Conjurations   | 5 6 7 8 10 11 12 | 12.0
Stealth        | 3 |  3.0
Dodging        | 3 4 5 7 8 9 |  9.0
Spellcasting   | 4 5 6 8 9 10 | 10.0
Hexes          | |  0.3

Action                   |  1- 3 |  4- 6 |  7- 9 | 10-12 || total
-------------------------+-------+-------+-------+-------++-------
 Fire: Hunting sling     |       |       |    13 |       ||    13
Throw: Dart              |     3 |       |       |       ||     3
 Cast: Magic Dart        |    94 |    40 |    45 |     4 ||   183
       Searing Ray       |       |    15 |    84 |     5 ||   104
       Fulminant Prism   |       |       |     5 |     5 ||    10
  Use: Scroll            |     5 |     1 |     6 |       ||    12
       Potion            |     1 |       |       |     1 ||     2
  Eat: Chunk             |     4 |     4 |    13 |       ||    21
Armor: Robe              |       |     9 |    10 |     1 ||    20
Dodge: Dodged            |     9 |    38 |    55 |    10 ||   112
Block: Other             |       |       |    15 |     4 ||    19
